 Dungeon Crawl Stone Soup version 0.14-a0-2381-g4cacdb4 (webtiles) character file.

147 Mitsuki the Covered (level 4, -3/29 HPs)
             Began as a Gargoyle Fighter on Feb 2, 2014.
             Slain by a gnoll
             ... wielding a +0,+0 halberd
              (8 damage)
             ... on Level 2 of the Dungeon.
             The game lasted 00:03:58 (1694 turns).

Mitsuki the Covered (Gargoyle Fighter)              Turns: 1694, Time: 00:03:58

HP  -3/29        AC 10     Str 20      XL: 4   Next: 71%
MP   4/4         EV  6     Int  9      God:
Gold 49          SH 18     Dex  9      Spells:  0 memorised,  3 levels left

rFire  . . .     SeeInvis .     o - +0 flail
rCold  . . .     Clarity  +     b - +0 scale mail
rNeg   + . .     Conserve .     c - +0 shield
rPois  +         rCorr    .     (no helmet)
rElec  +         rRot     +     (no cloak)
SustAb . .       Spirit   .     (no gloves)
rMut   .         Warding  .     (no boots)
Saprov . . .     Stasis   .     h - amulet of clarity
MR     .....                    (no ring)
                                (no ring)

@: not resistant to hostile enchantments, extremely unstealthy
A: life protection 1, electricity resistance, unbreathing, petrification
resistance, AC +3
a: no special abilities


You were on level 2 of the Dungeon.
You were hungry.

You visited 1 branch of the dungeon, and saw 2 of its levels.

You collected 49 gold pieces.

Inventory:

Hand weapons
 o - a +0,+0 flail (weapon)
Armour
 b - a +0 scale mail (worn)
 c - a +0 shield (worn)
Comestibles
 a - a meat ration
 d - 3 bread rations
Scrolls
 e - 3 scrolls of teleportation {unknown}
 f - a scroll of enchant weapon II {unknown}
 i - 6 scrolls of identify
 j - a scroll of remove curse {unknown}
 k - 3 scrolls of curse jewellery {unknown}
 n - a scroll of random uselessness {unknown}
 p - a scroll of magic mapping {unknown}
 q - 2 scrolls of amnesia {unknown}
Jewellery
 h - an amulet of clarity (around neck)
Potions
 g - 3 potions of curing {unknown}
 l - a potion of restore abilities {unknown}
 m - a potion of agility {unknown}


   Skills:
 + Level 4.1 Fighting
 + Level 2.8 Maces & Flails
 + Level 4.2 Armour
 + Level 4.1 Shields


You had 3 spell levels left.
You didn't know any spells.

Dungeon Overview and Level Annotations

Branches:
Dungeon (2/16)

Altars:


Innate Abilities, Weirdness & Mutations

You are resistant to torment.
You are immune to poison.
Your stone body is very resilient (AC +3).
You resist negative energy.
You are resistant to electric shocks.
You can survive without breathing.
You are immune to petrification.


Message History

You hit the gnoll but do no damage.
The gnoll is lightly wounded.
The gnoll hits you with a halberd.
You hit the gnoll.
The gnoll is heavily wounded.
The gnoll hits you with a halberd!
* * * LOW HITPOINT WARNING * * *
You closely miss the gnoll.
The gnoll is heavily wounded.
The gnoll barely misses you.
Your shield prevents you from hitting the gnoll.
The gnoll is heavily wounded.
The gnoll hits you but does no damage.
You hit the gnoll but do no damage.
The gnoll is heavily wounded.
The gnoll barely misses you.
You hit the gnoll.
The gnoll is severely wounded.
The gnoll hits you with a halberd!
You die...

#....... #############.
...............
.........#####.
#########.###.#. #######
#.............#. #.....#
#.#>.......)....
#..>..#####.#.#.###.###.#.
#.....#.g@(<..#...........
#.....#)#####.#####.###.##
#.....#.#...........###...
#....).g#.#...#####.......
#.......# #...# #.......
#.......# #.#.# #.......
#.......# #.#.# #.......
##......# #.#.# ######.#
#........#.#.# #.#


You could see a gnoll.

Vanquished Creatures
  3 gnolls (D:2)
  An inept item mimic (D:2)
  3 adders (D:2)
  A worm (D:2)
  7 bats
  A giant cockroach (D:2)
  A goblin (D:2)
  6 hobgoblins
  2 giant geckos (D:1)
  2 giant newts
  3 kobolds (D:1)
  5 rats
35 creatures vanquished.

Notes
Turn   | Place    | Note
--------------------------------------------------------------
     0 | D:1      | Mitsuki, the Gargoyle Fighter, began the quest for the Orb.
     0 | D:1      | Reached XP level 1. HP: 14/14 MP: 1/1
    88 | D:1      | Reached XP level 2. HP: 17/19 MP: 2/2
   629 | D:2      | Reached XP level 3. HP: 20/24 MP: 3/3
   646 | D:2      | Reached skill level 4 in Fighting
   979 | D:2      | Reached XP level 4. HP: 19/29 MP: 4/4
  1694 | D:2      | Slain by a gnoll

Action                   |  1- 3 |  4- 6 || total
-------------------------+-------+-------++-------
Melee: Mace              |   126 |    28 ||   154
       Flail             |       |    30 ||    30
  Use: Scroll            |     1 |       ||     1
